 Dungeon Crawl Stone Soup version 0.16.1-51-g6203257 (webtiles) character file.

51 RepoMan the Insei (level 3, -6/17 HPs)
             Began as a Vine Stalker Transmuter on Aug 9, 2015.
             Mangled by a kobold
             ... wielding a +0 dagger of electrocution
              (17 damage)
             ... on level 2 of the Dungeon.
             The game lasted 00:09:12 (1342 turns).

RepoMan the Insei (Vine Stalker Transmuter)         Turns: 1342, Time: 00:09:13

Health: -6/17      AC:  2    Str: 13    XL:     3   Next: 81%
Magic:  0/7        EV: 12    Int: 13    God:
Gold:   78         SH:  0    Dex: 14    Spells: 2 memorised, 4 levels left

rFire  . . .     SeeInvis .     b - 25 arrows
rCold  . . .     Clarity  .     c - +0 robe
rNeg   . . .     SustAb   .     (no shield)
rPois  .         Gourm    .     (no helmet)
rElec  .         Spirit   +     (no cloak)
rCorr  .         Warding  .     (no gloves)
rMut   .         Stasis   .     (no boots)
MR     .....                    (no amulet)
Stlth  +.........               (no ring)
                                (no ring)

@: very slightly contaminated, not resistant to hostile enchantments, very
unstealthy
A: fangs 2, regeneration 1, magic shield, antimagic bite, no device heal 3, rot
immunity
a: no special abilities


You were on level 2 of the Dungeon.
You were not hungry.

You visited 1 branch of the dungeon, and saw 3 of its levels.

You collected 78 gold pieces.

Inventory:

Missiles
 b - 25 arrows (in hand)
 m - 2 javelins (quivered)
Armour
 c - a +0 robe (worn)
 q - a +0 ring mail
Jewellery
 r - an uncursed ring of stealth {unknown}
Scrolls
 e - a scroll of magic mapping {unknown}
 f - a scroll of teleportation {unknown}
 h - a scroll of enchant weapon {unknown}
 i - 3 scrolls of recharging {unknown}
 j - 2 scrolls of remove curse {unknown}
 p - a scroll of identify {unknown}
 s - a scroll of immolation {unknown}
Potions
 g - a potion of magic {unknown}
 k - 2 potions of lignification {unknown}
 l - a potion of mutation {unknown}
Books
 d - a book of Changes

   Spells                             Type                      Level
   a - Beastly Appendage              Transmutation                1
   b - Sticks to Snakes               Transmutation                2
   c - Spider Form                    Transmutation/Poison         3
   d - Ice Form                       Ice/Transmutation            4
   e - Blade Hands                    Transmutation                5
Comestibles
 a - 3 bread rations
 n - 2 chunks of flesh
 o - 4 fruits


   Skills:
 - Level 0.8 Fighting
 - Level 1.5 Dodging
 + Level 3.3 Unarmed Combat
 + Level 2.7 Spellcasting
 * Level 3.3 Transmutations


You had 4 spell levels left.
You knew the following spells:

 Your Spells              Type           Power        Failure   Level  Hunger
a - Beastly Appendage     Trmt           ##....       8%          1    #......
s - Sticks to Snakes      Trmt           ##........   10%         2    ###....


Dungeon Overview and Level Annotations

Branches:
Dungeon (3/15)

Altars:


Innate Abilities, Weirdness & Mutations

You have extremely sharp teeth.
Your natural rate of healing is unusually fast.
When hurt, damage is shared between your health and your magic reserves.
Your bite disrupts and absorbs the magic of your enemies.
Potions and wands cannot restore your health.
You are immune to rotting.


Message History

You barely miss the quokka. You bite the quokka. You drain its power.
You feel invigorated.
You kill the quokka!
You see here 14 stones.
Your talons disappear.
Wield which item (- for none, * to show all)? (? for menu, Esc to quit)
b - 26 arrows (in hand)
Casting: Beastly Appendage
Confirm with . or Enter, or press ? or * to list all spells.
You create a snake!
The kobold barely misses you.
The goblin hits your ball python with a dagger of draining.
Your ball python dies!
Casting: Sticks to Snakes
Confirm with . or Enter, or press ? or * to list all spells.
You miscast Sticks to Snakes.
You are very lightly contaminated with residual magic.
You feel a strange surge of energy! The kobold hits you but does no damage.
You are electrocuted!
Ouch! That really hurt!
You die...

#####.#.#...........#
##### #.#
#.########.###...# #.#.
#.########.##.###.
#.#.##.##.........)..#.
#.# ...##.########.....
#.# #..##.# ##...# #.#
#..##.#### ##.### #.#
#..##$.... ......
#.###.@##..# ###....
#.....K....# #....
#####..##..## #....
#†g##.#.########...
#..................
#####....#######.##
##.#.# #.#
#.#.#######.##
#....†=.(.....


You could see a goblin and a kobold.

Vanquished Creatures
  4 giant geckos
  A ball python (D:1)
  3 bats
  2 giant cockroaches (D:1)
  7 hobgoblins
  3 jackals (D:2)
  9 kobolds
  A quokka (D:2)
  A giant newt (D:1)
  2 goblins
  7 rats
40 creatures vanquished.

Vanquished Creatures (collateral kills)
  A worm (D:2)
1 creature vanquished.

Vanquished Creatures (others)
  A plant (D:1)
1 creature vanquished.

Grand Total: 42 creatures vanquished

Notes
Turn   | Place    | Note
--------------------------------------------------------------
     0 | D:1      | RepoMan, the Vine Stalker Transmuter, began the quest for the Orb.
     0 | D:1      | Reached XP level 1. HP: 9/9 MP: 3/3
   223 | D:1      | Reached XP level 2. HP: 14/14 MP: 6/6
   227 | D:1      | Learned a level 2 spell: Sticks to Snakes
   778 | D:1      | Reached XP level 3. HP: 10/17 MP: 5/7
  1342 | D:2      | Mangled by a kobold

Action                   || total
-------------------------++-------
Melee: Unarmed           ||   132
 Cast: Beastly Appendage ||     7
       Sticks to Snakes  ||     7
  Eat: Chunk             ||     2
